Map: Kompleks Wolfe Industries

Players

Gracz

  • Race: Terran Terran
  • Spawn Location: 7:00

AvIaToR

  • Race: Terran Terran
  • Spawn Location: 7:00

Ifjúcsallád - Winner!

  • Race: Terran Terran
  • Spawn Location: 12:00

Djulian - Winner!

  • Race: Protoss Protoss
  • Spawn Location: 3:00

VOD

Have the link to the VOD?

Description

Time

  • Played on: Feb. 23, 2016, 12:34 p.m.
  • Length: 15:40
Show
View Real Time Build Order
Export as new Build Order

Gracz Terran 

Build Orders: Reaper Expand 

Get SALT Encoding   

  12  0:01  SCV  
  13  0:14  Refinery  
  13  0:16  SCV  
  14  0:27  Supply Depot  
  14  0:41  SCV  
  15  0:53  SCV  
  16  1:01  Barracks  
  16  1:06  SCV  
  17  1:22  SCV  
  18  1:51  Barracks Reactor  
  18  1:52  Barracks  
  18  1:54  Command Center  
  18  2:07  Engineering Bay  
  18  2:33  Orbital Command  
  18  2:50  Factory  
  18  2:52  Factory  
  18  2:56  Reaper  
  19  3:07  Orbital Command  
  19  3:13  Refinery  
  19  3:21  Barracks Reactor  
  19  3:33  Reaper  
  20  3:37  Factory Tech Lab  
  20  3:45  Refinery  
  20  3:46  SCV  
  21  3:52  SCV  
  21  3:55  Refinery  
  22  3:58  SCV, Reaper  
  22  4:01  Factory Tech Lab  
  24  4:10  SCV  
  24  4:12  SCV  
  26  4:22  SCV  
  27  4:25  SCV  
  28  4:34  SCV  
  28  4:37  SCV  
  30  4:46  SCV  
  30  4:52  Supply Depot  
  31  4:53  Siege Tank x2  
  31  4:59  SCV  
  38  5:14  Marine x4, SCV  
  43  5:22  Starport  
  43  5:40  Cyclone  
  46  5:48  Siege Tank  
  34  6:32  Starport Tech Lab  
  34  6:33  Starport  
  34  6:35  SCV  
  35  6:47  SCV  
  36  6:59  SCV  
  37  7:11  SCV  
  37  7:12  Starport Tech Lab  
  38  7:19  Fusion Core  
  38  7:23  SCV  
  38  7:25  Siege Tank  
  38  7:26  Siege Tank  
  38  7:27  Marine x2  
  38  7:28  Marine x2  
  49  7:33  SCV  
  50  7:42  Supply Depot  
  50  7:43  Banshee  
  53  7:44  Banshee  
  53  7:45  Marine x2, SCV  
  53  7:46  Marine x2  
  61  8:04  SCV  
  62  8:16  SCV  
  63  8:24  Starport  
  63  8:29  SCV  
  64  9:01  Starport Tech Lab  
  64  9:04  Starport  
  64  9:16  Hellion x2  
  68  9:19  Reaper  
  68  9:21  Siege Tank  
  68  9:23  Battlecruiser  
  78  9:34  Supply Depot  
  78  9:48  Starport  
  78  9:56  Battlecruiser, Marauder  
  86  10:20  Starport Tech Lab  
  86  10:37  Supply Depot  
  86  10:41  Starport Tech Lab, Siege Tank, Banshee  
  92  10:47  Starport  
  92  11:00  Battlecruiser  
  98  11:11  Starport  
  98  11:15  Marine x2  
  98  11:18  Hellion  
  102  11:20  Terran Infantry Weapons Level 1  
  102  11:34  Banshee  
  102  11:35  Hellion  
  107  11:42  Supply Depot  
  107  11:44  Starport Reactor  
  107  11:50  Starport Reactor  
  105  11:57  Armory  
  101  12:04  Banshee  
  28  12:48  Viking  
  24  12:59  Battlecruiser  
  24  13:00  Marine  
  24  13:02  Marine x2  
  30  13:14  Terran Infantry Armor Level 1  
  30  13:18  Marine  
  31  13:20  Marine x2, Supply Depot  
  25  13:37  Marine x2  
  27  13:55  Marine x2  
  26  13:56  Battlecruiser  
  34  14:16  Armory  
Show
View Real Time Build Order
Export as new Build Order

AvIaToR Terran 

Build Orders: Reaper Expand 

Get SALT Encoding   

  12  0:08  SCV  
  13  0:16  Supply Depot  
  13  0:20  SCV  
  14  0:27  Refinery  
  14  0:43  Barracks  
  14  0:46  SCV  
  15  0:54  Refinery  
  15  0:58  SCV  
  16  1:26  SCV  
  16  1:32  Barracks Reactor  
  17  1:38  SCV  
  17  1:39  Engineering Bay  
  18  1:43  Supply Depot  
  18  2:09  Reaper x2  
  20  2:26  Missile Turret  
  20  2:51  Command Center  
  20  3:15  Missile Turret  
  20  3:22  Reaper  
  20  3:25  Missile Turret  
  20  3:26  Reaper  
  22  3:32  SCV  
  23  3:51  Missile Turret  
  23  3:57  Reaper  
  23  3:59  Reaper  
  25  4:10  Sensor Tower  
  25  4:19  SCV  
  26  4:29  Reaper  
  26  4:31  SCV, Reaper  
  29  4:44  Bunker, SCV  
  30  4:48  SCV  
  31  4:57  Bunker  
  31  5:10  Barracks  
  31  5:35  Marine x2  
  33  5:39  SCV  
  35  5:42  SCV  
  35  5:51  SCV  
  35  5:52  Marine  
  35  5:53  Marine  
  35  5:55  SCV  
  39  5:58  Factory  
  39  6:06  Barracks Tech Lab  
  39  6:07  SCV  
  40  6:15  Factory  
  40  6:19  SCV  
  41  6:31  SCV  
  38  7:12  Factory Tech Lab  
  38  7:14  Factory Tech Lab  
  36  7:17  Marauder  
  36  7:19  Marine x2  
  40  7:28  Starport  
  40  7:31  Starport  
  40  7:37  Marine x2  
  40  7:38  Marauder  
  44  7:45  Orbital Command  
  44  7:48  Orbital Command  
  44  7:52  Refinery  
  44  7:55  Marine x2  
  44  7:57  Refinery  
  46  8:02  Armory  
  46  8:14  Starport Tech Lab x2  
  46  8:50  Terran Vehicle Weapons Level 1  
  46  9:01  Cloaking Field  
  46  9:07  Concussive Shells  
  46  9:19  Supply Depot  
  46  9:22  Supply Depot  
  46  9:41  Marauder, Thor  
  46  9:43  Marine, Supply Depot, SCV, Thor  
  46  9:45  Supply Depot  
  62  9:58  Fusion Core  
  62  10:04  Marine x2, SCV  
  62  10:05  Supply Depot, Marauder  
  67  10:08  Supply Depot  
  67  10:16  SCV  
  68  10:22  Marine x2  
  68  10:26  Marauder  
  72  10:28  SCV  
  73  10:40  Marine x2  
  75  10:44  Terran Vehicle And Ship Armor Level 1, Thor x2  
  75  10:47  Marauder  
  89  10:52  Weapon Refit  
  89  10:57  Marine  
  90  11:06  Supply Depot  
  90  11:07  Supply Depot x2  
  90  11:09  Supply Depot, Marauder  
  92  11:24  Raven  
  94  11:27  Raven  
  94  11:30  Supply Depot x2  
  96  11:34  Supply Depot  
  96  11:35  Behemoth Reactor  
  96  12:08  Battlecruiser  
  102  12:10  Battlecruiser  
  50  12:39  Terran Ship Weapons Level 1  
  50  12:40  Thor x2  
  62  12:52  Marauder  
  62  12:53  Marine x2  
  66  13:11  Marine x2  
  66  13:12  Battlecruiser  
  74  13:14  Marauder  
  76  14:08  Marine x2  
  78  14:12  Marauder  
  78  14:17  Battlecruiser  
  86  14:23  Cyclone  
  89  14:24  Cyclone  
  89  14:25  Marine  
  89  14:26  Marine  
  94  14:34  Marauder  
  94  14:38  Medivac  
  98  14:43  Marine x2  
  100  14:55  Cyclone  
  100  14:56  Cyclone  
Show
View Real Time Build Order
Export as new Build Order

Ifjúcsallád Terran - Winner!

Build Orders:  

Get SALT Encoding   

  12  0:03  SCV  
  13  0:15  SCV  
  14  0:28  Supply Depot, SCV  
  15  0:45  Refinery  
  15  0:54  Barracks  
  15  1:00  SCV  
  16  1:12  SCV  
  17  1:44  Barracks  
  17  1:54  Orbital Command  
  17  1:56  Barracks Reactor  
  17  2:15  Command Center  
  17  2:24  SCV  
  18  2:32  Barracks Tech Lab  
  18  2:36  SCV  
  19  2:37  Supply Depot  
  19  2:44  Refinery  
  19  2:45  Marine x2  
  19  2:48  SCV  
  22  2:57  Combat Shields  
  22  3:00  SCV  
  22  3:03  Marine x2  
  25  3:12  SCV  
  26  3:14  Factory  
  26  3:24  Marine x2, SCV  
  26  3:26  Marauder  
  31  3:35  SCV  
  32  3:42  Supply Depot  
  32  3:44  Marine x2  
  32  3:47  SCV  
  35  3:59  SCV  
  36  4:03  Refinery  
  36  4:06  Refinery  
  36  4:11  Engineering Bay, SCV  
  36  4:12  Supply Depot  
  36  4:16  Factory Reactor  
  37  4:23  Marine x2, SCV  
  40  4:26  Marauder  
  42  4:33  SCV  
  42  4:36  SCV  
  44  4:46  Missile Turret  
  44  4:47  SCV  
  44  4:49  SCV  
  44  4:52  Marine x2  
  48  4:54  Marauder  
  50  5:01  Hellion x2  
  54  5:22  Hellion  
  54  5:23  Hellion  
  58  5:31  Barracks  
  58  5:36  SCV  
  58  5:40  Supply Depot  
  58  5:41  SCV  
  60  5:47  Concussive Shells  
  60  5:53  Terran Infantry Weapons Level 1  
  60  5:55  Marine x2  
  62  6:02  Marauder  
  64  6:04  Supply Depot  
  64  6:10  Armory  
  64  6:12  Marine  
  64  6:13  Marine  
  66  6:23  Marauder  
  68  6:30  Marine x2  
  68  6:32  Starport  
  70  6:38  Starport  
  70  6:41  SCV  
  68  6:53  SCV  
  68  7:25  Starport Reactor, Starport Tech Lab  
  68  7:30  Starport  
  68  7:31  Terran Vehicle Weapons Level 1  
  68  7:32  Supply Depot  
  68  7:43  SCV  
  69  7:47  Terran Infantry Armor Level 1  
  69  7:51  Factory  
  69  7:55  SCV  
  70  8:02  Missile Turret  
  70  8:05  Banshee  
  70  8:07  SCV  
  70  8:09  Starport Tech Lab  
  74  8:14  Cloaking Field  
  74  8:18  Medivac  
  74  8:19  Medivac, SCV  
  79  8:28  Missile Turret  
  79  8:31  SCV  
  79  8:32  Supply Depot  
  80  8:46  Factory Reactor  
  80  8:47  Factory, Command Center  
  80  8:48  Medivac, Banshee  
  80  8:51  Factory Tech Lab  
  80  8:53  Medivac  
  87  8:56  High Capacity Fuel Tanks  
  87  8:58  Banshee  
  87  9:02  Missile Turret  
  90  9:05  Supply Depot  
  90  9:19  Marine  
  90  9:20  Marine  
  90  9:22  Marauder  
  94  9:31  Banshee  
  94  9:35  Barracks Tech Lab  
  94  9:37  Marine x2  
  99  9:40  Banshee  
  102  9:46  Factory Tech Lab  
  102  9:54  Missile Turret  
  102  9:56  Missile Turret  
  102  9:57  Missile Turret  
  102  9:58  Marine x2, Marauder  
  102  9:59  Missile Turret  
  106  10:01  Missile Turret  
  106  10:05  Missile Turret  
  106  10:14  Banshee  
  106  10:16  Marine x2  
  111  10:23  Banshee  
  111  10:24  SCV  
  111  10:25  Refinery  
  115  10:33  Missile Turret  
  115  10:36  SCV  
  116  10:48  SCV  
  117  10:53  Supply Depot  
  117  11:04  Missile Turret  
  117  11:15  Siege Tank x2, SCV  
  117  11:17  Marine  
  125  11:20  Supply Depot  
  125  11:21  Terran Vehicle And Ship Armor Level 1  
  125  11:22  Terran Infantry Armor Level 2  
  125  11:30  Planetary Fortress  
  125  11:31  Planetary Fortress  
  125  11:41  Marine x2  
  125  11:42  Missile Turret  
  125  11:46  Supply Depot  
  127  11:47  Cyclone  
  130  11:57  Cyclone  
  130  12:01  Infernal Pre-Igniter  
  133  12:02  Mag-Field Accelerator  
  133  12:07  Marine x2  
  135  12:16  Engineering Bay  
  135  12:19  Siege Tank  
  135  12:21  Refinery  
  138  12:25  Marine x2  
  138  12:26  Missile Turret  
  140  12:43  Marine  
  141  12:45  Armory  
  141  12:50  Supply Depot  
  141  12:59  Stimpack  
  141  13:11  Marine x2  
  141  13:12  Siege Tank, Marauder  
  148  13:24  Explosive Shrapnel Shells  
  148  13:25  Supply Depot  
  148  13:36  Supply Depot  
  148  13:46  Cyclone, Siege Tank, Marauder  
  156  13:52  Supply Depot  
  156  13:58  Banshee, Raven  
  156  13:59  Command Center  
  161  14:14  Marine x2  
  163  14:18  Cyclone, Marauder  
  163  14:20  Marauder  
  170  14:32  Marine x2  
  170  14:34  Supply Depot  
  172  14:50  Marine  
  173  14:55  Raven, Marine, Banshee  
  173  14:56  Marauder  
  181  15:10  Marine  
  181  15:11  Marauder  
  181  15:13  Marine  
  183  15:17  Marauder  
Show
View Real Time Build Order
Export as new Build Order

Djulian Protoss - Winner!

Build Orders: 1 Gate Expand, Double Forge 

Get SALT Encoding   

  12  0:01  Probe (Chrono Boost)  
  13  0:11  Probe (Chrono Boost)  
  14  0:21  Pylon  
  14  0:24  Probe (Chrono Boost)  
  15  0:40  Probe (Chrono Boost)  
  15  0:41  Gateway  
  16  0:50  Probe (Chrono Boost)  
  17  1:12  Nexus  
  17  1:15  Probe (Chrono Boost)  
  18  1:30  Cybernetics Core  
  18  1:34  Assimilator  
  18  1:36  Assimilator  
  18  1:37  Probe (Chrono Boost)  
  19  1:48  Probe (Chrono Boost)  
  19  1:52  Pylon  
  20  1:59  Probe (Chrono Boost)  
  21  2:03  Pylon  
  21  2:09  Zealot  
  21  2:10  Probe (Chrono Boost)  
  24  2:21  Probe (Chrono Boost)  
  25  2:24  Probe (Chrono Boost)  
  26  2:31  Probe (Chrono Boost)  
  26  2:34  Probe (Chrono Boost)  
  28  2:38  Warp Gate (Chrono Boost)  
  28  2:42  Mothership Core  
  30  2:51  Gateway  
  30  2:54  Gateway  
  30  2:59  Probe  
  30  3:01  Pylon  
  30  3:03  Probe  
  32  3:14  Stalker  
  32  3:18  Probe  
  32  3:19  Probe  
  36  3:22  Assimilator  
  36  3:25  Assimilator  
  36  3:26  Pylon  
  36  3:28  Probe  
  36  3:31  Probe  
  38  3:41  Adept x2  
  42  3:48  Probe  
  42  3:49  Stargate, Probe  
  42  3:50  Stargate  
  44  3:59  Probe  
  44  4:01  Probe  
  46  4:05  Pylon  
  46  4:09  Probe  
  46  4:13  Probe  
  48  4:26  Probe  
  48  4:28  Pylon, Probe  
  50  4:35  Oracle x2 (Chrono Boost)  
  56  4:39  Sentry x2  
  56  4:40  Probe  
  56  4:42  Zealot  
  63  4:54  Pylon  
  63  4:56  Forge  
  63  4:57  Forge  
  67  5:07  Phoenix x2 (Chrono Boost)  
  67  5:21  Stalker x3  
  73  5:31  Twilight Council  
  73  5:32  Gateway  
  73  5:34  Gateway  
  73  5:38  Protoss Ground Weapons Level 1 (Chrono Boost), Gateway  
  73  5:39  Protoss Ground Armor Level 1 (Chrono Boost)  
  70  6:32  Phoenix x2  
  74  6:50  Resonating Glaives  
  74  6:54  Templar Archives  
  74  6:57  Pylon  
  74  7:00  Stalker x3  
  74  7:01  Stalker x3, Photon Cannon  
  83  7:04  Photon Cannon  
  85  7:33  Protoss Ground Weapons Level 2 (Chrono Boost), Protoss Ground Armor Level 2 (Chrono Boost)  
  85  7:38  Psionic Storm  
  85  7:40  Nexus  
  85  7:43  Assimilator  
  85  7:45  Assimilator  
  85  7:49  Pylon  
  85  7:53  Pylon  
  85  7:55  Pylon, Phoenix  
  87  7:59  Pylon  
  87  8:02  Probe x2  
  89  8:13  High Templar  
  89  8:14  Probe  
  89  8:15  Probe  
  89  8:17  Zealot x5  
  103  8:30  Charge  
  103  8:37  Probe x2  
  103  8:40  High Templar  
  107  8:43  Zealot x4  
  115  8:49  Probe x2  
  115  8:51  Probe  
  118  8:59  Photon Cannon  
  118  9:01  Probe x3, Photon Cannon  
  120  9:05  Pylon, Photon Cannon  
  120  9:07  Pylon  
  120  9:08  Photon Cannon, High Templar x2  
  125  9:11  Adept  
  125  9:12  Adept x2  
  125  9:16  Zealot  
  133  9:41  Protoss Ground Weapons Level 3 (Chrono Boost), Protoss Ground Armor Level 3 (Chrono Boost)  
  133  9:45  Gateway x2  
  133  9:46  Adept x2  
  133  9:47  Adept x2  
  133  9:52  Phoenix  
  143  9:57  Phoenix  
  145  10:10  Pylon  
  145  10:23  Pylon  
  145  10:28  Blink  
  145  10:32  Photon Cannon  
  145  10:38  Robotics Facility  
  145  10:40  Adept x5  
  145  10:41  Adept  
  145  10:42  Phoenix  
  159  10:46  Phoenix  
  161  11:12  Nexus  
  161  11:15  Assimilator  
  161  11:19  Assimilator  
  161  11:24  Pylon  
  161  11:29  Pylon  
  161  11:34  Stalker x3  
  161  11:35  Stalker x2  
  161  11:37  Observer  
  172  11:57  Warp Prism  
  119  12:49  Stalker x2  
  119  12:50  Stalker x6  
  135  13:10  Protoss Shields Level 1 (Chrono Boost)  
  135  13:13  High Templar  
  135  13:14  High Templar x2  
  135  13:15  Adept  
  135  13:16  Adept x4  
  151  13:40  Stalker x3  
  151  13:41  Stalker x2  
  161  14:01  Probe x2  
  161  14:02  Mothership Core, Probe  
  166  14:14  Probe  
  167  14:19  High Templar  
  167  14:20  High Templar  
  167  14:22  Zealot x5  
  167  14:23  Zealot  
  183  14:53  Stalker  
  183  14:54  Stalker x4  
  183  14:55  Stalker x2  
Tags
 
Add a new tag
Caveats
  • Supply blocks, unpowered buildings, or Contaminate may cause inaccurate times.
  • Supply counts are checked every 10 seconds.